 Dungeon Crawl Stone Soup version 0.26-a0-712-ga5a9c9c9d0 (webtiles) character file.

Game seed: 16758401652796527430

6120 strifetoe the Destroyer (level 10, -8/59 HPs)
             Began as a Gargoyle Hedge Wizard on Nov 1, 2020.
             Was a Believer of Sif Muna.
             Mangled by a two-headed ogre
             ... wielding a +0 giant club
              (13 damage)
             ... on level 9 of the Dungeon.
             The game lasted 00:49:13 (17008 turns).

strifetoe the Destroyer (Gargoyle Hedge Wizard)    Turns: 17008, Time: 00:49:14

Health: -8/59      AC: 18    Str: 14    XL:     10   Next: 89%
Magic:  6/19       EV: 12    Int: 18    God:    Sif Muna [**....]
Gold:   430        SH:  0    Dex: 15    Spells: 10/21 levels left

rFire    . . .     SeeInvis .   s - +0 short sword (freeze)
rCold    . . .     Faith    .   (no shield)
rNeg     + . .     Spirit   .   J - +0 troll leather armour
rPois    ∞         Reflect  .   c - +0 hat
rElec    +         Harm     .   (no cloak)
rCorr    .         Rampage  .   m - +1 pair of gloves
MR       .....                  (no boots)
Stlth    ++........             N - amulet of the acrobat
HPRegen  0.59/turn              n - +6 ring of dexterity
MPRegen  0.16/turn              h - +4 ring of protection

@: no status effects
A: negative energy resistance 1, electricity resistance, unbreathing,
petrification resistance, rot immunity, AC +7
a: Channel Magic, Renounce Religion


You were on level 9 of the Dungeon.
You worshipped Sif Muna.
Sif Muna was pleased with you.
You visited 1 branch of the dungeon, and saw 10 of its levels.

You collected 460 gold pieces.
You spent 30 gold pieces at shops.

Inventory:

Hand Weapons
 s - a +0 short sword of freezing (weapon)
 C - a +2 whip of flaming
 G - a +4 falchion
 H - a cursed +0 trident
Missiles
 k - 2 throwing nets (quivered)
Armour
 c - a +0 hat (worn)
 i - a +1 leather armour of cold resistance
 m - a +1 pair of gloves (worn)
 D - a +0 robe of positive energy
 F - the +0 leather armour of Rationality {Int-3 Slay+6 SInv Stlth+}
   (You found it on level 7 of the Dungeon)

   It affects your intelligence (-3).
   It affects your accuracy and damage with ranged weapons and melee attacks
   (+6).
   It lets you see invisible.
   It makes you more stealthy.
 J - a +0 troll leather armour (worn)
Jewellery
 h - a +4 ring of protection (right hand)
 n - a +6 ring of dexterity (left hand)
 L - an uncursed ring of protection from fire
 N - an amulet of the acrobat (around neck)
 P - an uncursed amulet of magic regeneration {unknown}
Wands
 e - a wand of polymorph (6)
 x - a wand of iceblast (5)
 I - a wand of acid (19)
Scrolls
 b - a scroll of magic mapping
 f - 5 scrolls of teleportation
 r - 4 scrolls of immolation
 y - 2 scrolls of enchant weapon
 A - 2 scrolls of remove curse
 E - a scroll of blinking
 M - a scroll of fog
Potions
 a - 2 potions of might
 d - 2 potions of mutation
 g - a potion of ambrosia
 j - a potion of cancellation
 l - 2 potions of flight
 o - 3 potions of brilliance
 p - a potion of stabbing
 q - a potion of haste
 t - 3 potions of curing
 u - a potion of degeneration {unknown}
 v - a potion of magic {unknown}
 w - a potion of invisibility
 z - a potion of heal wounds {unknown}
 B - 2 potions of resistance


   Skills:
 - Level 5.0 Fighting
 + Level 7.5 Armour
 - Level 2.3 Dodging
 - Level 2.1 Stealth
 - Level 6.2 Spellcasting
 - Level 8.0 Conjurations
 - Level 1.4 Summonings
 - Level 0.8 Translocations
 - Level 2.5 Fire Magic
 - Level 5.1 Air Magic
 - Level 6.4 Poison Magic


You had 10 spell levels left.
You knew the following spells:

 Your Spells              Type           Power        Failure   Level
a - Magic Dart            Conj           ####         1%          1
b - Mephitic Cloud        Conj/Pois/Air  ####....     2%          3
c - Call Imp              Summ           ##......     12%         2
d - Conjure Flame         Conj/Fire      ###.....     4%          3
e - Blink                 Tloc           N/A          16%         2

Your spell library contained the following spells:

 Spells                   Type           Power        Failure   Level
 Animate Skeleton         Necr           #.....       14%         1
 Pain                     Necr           #...         14%         1
 Slow                     Hex            #.......     22%         2
 Vampiric Draining        Necr           #.........   38%         3
 Animate Dead             Necr           #.........   80%         4
 Agony                    Necr           #.......     98%         5


Dungeon Overview and Level Annotations

Branches:
Dungeon (10/15)            Temple (0/1) D:5            Lair (0/6) D:9
    Orc (0/2) D:9

Altars:
Dithmenos
Hepliaklqana
Kikubaaqudgha
Nemelex Xobeh
Okawaru
Qazlal
Ru
Sif Muna
Yredelemnul
The Shining One

Shops:
D:4 !   D:6 }   D:7 (*

Annotations:
D:3 exclusion: 3 downstairs
D:4 exclusions: downstairs and 1 more exclusion
D:7 1 exclusion


Innate Abilities, Weirdness & Mutations

You are resistant to torment.
Your stone body is resilient. (AC +7)
You are immune to poison.
You resist negative energy. (rN+)
You are resistant to electric shocks. (rElec)
You can survive without breathing.
You are immune to petrification.
You are immune to rotting.


Message History

The bolt of acid hits the two-headed ogre!
The two-headed ogre is splashed with acid.
The two-headed ogre is heavily wounded.
Unknown command.
Casting: Magic Dart (safe; 1% risk of failure)
Confirm with . or Enter, or press ? or * to list all spells.
Aiming: Mephitic Cloud (dangerous; 2% risk of failure)
Press: ? - help, Shift-Dir - straight line, f/p - two-headed ogre
Aim: a two-headed ogre, wielding two +0 giant clubs (heavily wounded)
The ball explodes into a vile cloud!
The stinking cloud engulfs the two-headed ogre but does no damage.
The two-headed ogre is heavily wounded.
The two-headed ogre is engulfed in noxious fumes.
You hit the two-headed ogre. You freeze the two-headed ogre.
The two-headed ogre is heavily wounded.
The two-headed ogre is engulfed in blazing flames.
The two-headed ogre hits you with a +0 giant club!!
* * * LOW HITPOINT WARNING * * *
The two-headed ogre hits you with a +0 giant club!
You die...

######..........####
###############....#
...................#
.##############....# ..#
###### #.######## ..##.....#
######
.........#########..(.#
#............§○O@.....#
.........#########...<#
####.....#### #....#
######......#### #....#
...####..##.[.[###....#
##...###.#####..#######
###.###.######)#########
#........##..........####
########.##.##.............#


You could see a two-headed ogre.

Vanquished Creatures
  A two-headed ogre (D:9)
  Pikel (D:7)
  A troll (D:7)
  2 yaks (D:8)
  3 orc warriors
  A sky beast (D:5)
  3 ice beasts
  A phantom (D:5)
  2 black bears
  2 centaurs
  8 ogres
  7 bullfrogs
  2 scorpions (D:9)
  6 wights
  3 howler monkeys
  2 jellies
  A quasit (D:7)
  3 orc priests
  6 hounds
  4 orc wizards
  2 iguanas
  A worker ant (D:8)
  2 hound zombies
  2 hound skeletons (D:5)
  11 adders
  5 gnolls
  A howler monkey skeleton (D:4)
  4 shadow imps
  2 white imps
  2 ufetubi
  2 oozes (D:5)
  A worm (D:3)
  A dart slug (D:1)
  4 leopard geckos
  27 orcs
  2 ball pythons
  9 bats
  7 giant cockroaches
  9 goblins
  7 hobgoblins
  2 jackals
  4 quokkas
  6 frilled lizards
  4 kobolds
  A quokka skeleton (D:8)
  5 rats
182 creatures vanquished.

Vanquished Creatures (collateral kills)
  Harold (D:7)
  Menkaure (D:4)
  An ice beast (D:9)
  A sky beast (D:9)
  An orc warrior (D:8)
  An ogre (D:6)
  A scorpion (D:9)
  A wight (D:7)
  An orc priest (D:4)
  An iguana (D:4)
  A worker ant (D:9)
  5 orc wizards
  A gnoll (D:9)
  2 adders
  A leopard gecko (D:9)
  13 orcs
  2 jackals (D:9)
35 creatures vanquished.

Vanquished Creatures (others)
  11 fungi (D:9)
  12 plants (D:9)
23 creatures vanquished.

Grand Total: 240 creatures vanquished

Notes
Turn   | Place    | Note
-------+----------+-------------------------------------------
     0 | D:1      | strifetoe the Gargoyle Hedge Wizard began the quest for the
                  | Orb.
     0 | D:1      | Reached XP level 1. HP: 10/10 MP: 4/4
   437 | D:1      | Reached skill level 2 in Conjurations
   500 | D:1      | Reached XP level 2. HP: 15/15 MP: 1/6
  1256 | D:1      | Reached skill level 3 in Conjurations
  1457 | D:1      | Reached XP level 3. HP: 19/19 MP: 5/7
  1981 | D:2      | Reached skill level 4 in Conjurations
  1995 | D:2      | Learned a level 3 spell: Mephitic Cloud
  1998 | D:2      | Learned a level 2 spell: Call Imp
  2159 | D:2      | Reached skill level 1 in Summonings
  2186 | D:2      | Reached XP level 4. HP: 24/24 MP: 5/8
  2708 | D:2      | Found a glowing golden altar of the Shining One.
  2711 | D:2      | Found a sacrificial altar of Ru.
  2714 | D:2      | Found a shimmering blue altar of Sif Muna.
  2919 | D:3      | Reached skill level 1 in Poison Magic
  3472 | D:3      | Found a sparkling altar of Nemelex Xobeh.
  3556 | D:3      | Found a stormy altar of Qazlal.
  3557 | D:3      | Found a shadowy altar of Dithmenos.
  3641 | D:4      | Noticed Menkaure
  3643 | D:4      | Reached XP level 5. HP: 22/28 MP: 0/9
  3767 | D:4      | Reached skill level 1 in Air Magic
  4103 | D:4      | Noticed an orc warrior
  4921 | D:4      | Reached XP level 6. HP: 32/32 MP: 6/10
  5431 | D:4      | Killed Menkaure
  5592 | D:4      | Found Koiqicre's Distillery.
  5599 | D:4      | Bought a potion of curing for 30 gold pieces
  5719 | D:5      | Entered Level 5 of the Dungeon
  5776 | D:4      | Reached skill level 5 in Conjurations
  6203 | D:3      | Learned a level 3 spell: Conjure Flame
  6459 | D:3      | Learned a level 2 spell: Blink
  6506 | D:4      | Reached XP level 7. HP: 36/36 MP: 2/11
  6741 | D:4      | Reached skill level 6 in Conjurations
  6977 | D:5      | Reached skill level 1 in Fire Magic
  7390 | D:5      | Reached skill level 1 in Fighting
  7608 | D:5      | Reached XP level 8. HP: 45/45 MP: 4/13
  8045 | D:5      | Found a staircase to the Ecumenical Temple.
  8173 | D:6      | Noticed a two-headed ogre
  8558 | D:6      | Found Vaptiona's Gadget Shoppe.
  8576 | D:6      | Reached skill level 5 in Spellcasting
  9303 | D:6      | Found a basalt altar of Yredelemnul.
  9312 | D:6      | Found an ancient bone altar of Kikubaaqudgha.
  9315 | D:6      | Found a hazy altar of Hepliaklqana.
  9432 | D:2      | Became a worshipper of Sif Muna the Loreminder
  9569 | D:7      | Found Azibiryt's Weapon Boutique.
  9607 | D:7      | Noticed Pikel
  9623 | D:7      | Killed Pikel
  9623 | D:7      | Reached skill level 7 in Conjurations
  9623 | D:7      | Reached XP level 9. HP: 53/53 MP: 5/18
  9783 | D:7      | Reached skill level 5 in Fighting
  9972 | D:7      | Reached skill level 8 in Conjurations
 10305 | D:4      | Found Koiqicre's Distillery.
 10824 | D:7      | Noticed Harold
 10914 | D:7      | Got a faintly humming leather armour
 11041 | D:6      | Identified the +0 leather armour of Rationality {Int-3
                  | Slay+6 SInv Stlth+} (You found it on level 7 of the
                  | Dungeon)
 11751 | D:7      | Reached * piety under Sif Muna
 12129 | D:7      | Found Miapt's General Store.
 12288 | D:7      | Reached skill level 5 in Poison Magic
 12496 | D:7      | Killed Harold
 12496 | D:7      | Reached XP level 10. HP: 28/59 MP: 6/19
 12729 | D:7      | Found Azibiryt's Weapon Boutique.
 12785 | D:7      | Found Miapt's General Store.
 13690 | D:8      | Reached skill level 5 in Air Magic
 13820 | D:8      | Reached skill level 1 in Armour
 14721 | D:9      | Reached ** piety under Sif Muna
 14745 | D:9      | Noticed a two-headed ogre
 15658 | D:8      | Reached skill level 5 in Armour
 15937 | D:9      | Found a staircase to the Lair.
 15975 | D:9      | Noticed a two-headed ogre
 16216 | D:9      | Killed a two-headed ogre
 16318 | D:9      | Found an iron altar of Okawaru.
 16913 | D:9      | Found a staircase to the Orcish Mines.
 16946 | D:10     | Entered Level 10 of the Dungeon
 17008 | D:9      | Mangled by a two-headed ogre

Illustrated notes

Levels and vault maps discovered:
D:1:      tarquinn_simple_flora_water_f, layout_basic
D:2:      layout_basic, grunt_temple_overflow_diamond
D:3:      layout_rooms, gammafunk_temple_overflow_pools,
          nemelex_lonely_heart_becter
D:4:      layout_cave_pools, serial_shops,
          nicolae_shop_temple_entry_statues_fountains, serial_glass,
          glass_columns_c, glass_columns_b, glass_columns_c, glass_columns_a,
          glass_columns_b, glass_columns_a, glass_columns_a, glass_columns_a,
          glass_columns_a, glass_columns_a, glass_columns_b, glass_columns_a,
          glass_columns_c, glass_columns_c, uniq_menkaure
D:5:      layout_rooms, minmay_temple_entry_fiery, minmay_misc_feat_hallway
D:6:      layout_basic, chequers_temple_overflow_statue_of_worship,
          serial_shops, shop
D:7:      minmay_opposing_rooms, layout_basic, serial_shops, shop,
          kennysheep_mini, uniq_pikel, uniq_harold
D:8:      layout_rooms
D:9:      layout_rooms, okawaru_ov_weapons_minmay,
          grunt_lair_entry_orc_guard_hut, corexii_hall_statues_l
D:10:     layout_basic

Skill      XL: |  1  2  3  4  5  6  7  8  9 10 |
---------------+-------------------------------+-----
Conjurations   | 2 3 4 5 6 7 8 |  8.0
Summonings     | 1 |  1.4
Poison Magic   | 1 2 3 6 |  6.4
Air Magic      | 2 4 5 |  5.1
Fire Magic     | 2 |  2.5
Fighting       | 2 4 5 |  5.0
Spellcasting   | 6 |  6.2
Armour         | 7 |  7.5
Dodging        | 2 |  2.3
Stealth        | |  2.1
Translocations | |  0.8

Action                   |  1- 3 |  4- 6 |  7- 9 | 10-12 || total
-------------------------+-------+-------+-------+-------++-------
Melee: Spear             |    57 |    58 |       |       ||   115
       Dagger            |     6 |    38 |       |       ||    44
       Short sword       |       |    33 |   226 |   244 ||   503
 Cast: Magic Dart        |    56 |    97 |   167 |   140 ||   460
       Call Imp          |       |    25 |    32 |    32 ||    89
       Mephitic Cloud    |       |     2 |    28 |    29 ||    59
       Blink             |       |       |    14 |    23 ||    37
       Conjure Flame     |       |       |    20 |    12 ||    32
Evoke: Wand              |       |       |       |     5 ||     5
  Use: Scroll            |       |     6 |    14 |     5 ||    25
       Potion            |       |       |     2 |       ||     2
 Stab: Confused          |       |       |    11 |     4 ||    15
       Sleeping          |       |       |     5 |       ||     5
       Distracted        |       |       |     3 |       ||     3
Armor: Robe              |    24 |    74 |   111 |       ||   209
       Leather armour    |       |     3 |    27 |    37 ||    67
       Troll leather arm |       |       |       |   179 ||   179
Dodge: Dodged            |    43 |   124 |   185 |   252 ||   604

Table legend: (Time is in decaauts)
 A = Elapsed time spent in this place.
 B = Non-inter-level travel time spent in this place.
 C = Inter-level travel time spent in this place.
 D = Time resting spent in this place.
 E = Time spent auto-exploring this place.
 F = Levels seen in this place.
 G = Mean time per level.
                   A        B        C        D        E       F      G
               +--------+--------+--------+--------+--------+-----+--------+
         Total |  17120 |  16154 |    966 |   5863 |   6653 |  10 | 1712.0 |
       Dungeon |  17120 |  16154 |    966 |   5863 |   6653 |  10 | 1712.0 |
               +--------+--------+--------+--------+--------+-----+--------+

Top non-repeatable levels by time:
     D:7: 3504 daAuts
     D:3: 2311 daAuts
     D:4: 1928 daAuts
     D:8: 1823 daAuts
     D:6: 1623 daAuts
     D:1: 1594 daAuts
     D:2: 1589 daAuts
     D:5: 1428 daAuts
     D:9: 1307 daAuts
    D:10: 10 daAuts
